 Dungeon Crawl Stone Soup version 0.30.1-11-g7821555f0a (webtiles) character file.

Game seed: 6763267648240749934

646 rjbenavram the Cudgeller (level 7, 0/61 HPs)
             Began as a Minotaur Berserker on Dec 30, 2023.
             Was a Believer of Trog.
             Slain by a troll (5 damage)
             ... on level 5 of the Dungeon.
             The game lasted 02:17:31 (3339 turns).

rjbenavram the Cudgeller (Minotaur Berserker)       Turns: 3339, Time: 02:17:32

Health: 0/61       AC: 10    Str: 21    XL:     7   Next: 27%
Magic:  6/6        EV:  9    Int:  4    God:    Trog [**....]
Gold:   150        SH:  9    Dex: 12    Spells: 6/6 levels left

rFire   . . .        a - +1 mace (flame)
rCold   . . .        f - +0 buckler
rNeg    + . .        m - +0 chain mail
rPois   .            (helmet restricted)
rElec   .            (no cloak)
rCorr   .            (no gloves)
SInv    .            (no boots)
Will    .....        l - amulet of reflection Stlth
                     h - ring of positive energy
HPRegen 0.30/turn    (no ring)
MPRegen 0.10/turn

%: reflection
@: no status effects
A: horns 2, retaliatory headbutt
a: Renounce Religion, Berserk, Trog's Hand


You were on level 5 of the Dungeon.
You worshipped Trog.
Trog was pleased with you.
You visited 1 branch of the dungeon, and saw 5 of its levels.

You collected 150 gold pieces.

Inventory:

Hand Weapons
 a - a +1 mace of flaming (weapon)
 j - a +0 flail
Missiles
 i - 5 poisoned darts (quivered)
Armour
 c - a +1 ring mail
 f - a +0 buckler (worn)
 m - a +0 chain mail (worn)
Jewellery
 h - a ring of positive energy (left hand)
 l - an amulet of reflection (around neck)
Scrolls
 b - 3 scrolls of teleportation
 e - 4 scrolls of identify
Potions
 g - 2 potions of heal wounds
 k - a potion of resistance


   Skills:
 + Level 5.5 Fighting
 + Level 6.6 Maces & Flails
 + Level 5.7 Armour
 + Level 3.3 Dodging
 + Level 0.3 Stealth
 + Level 2.1 Shields


You had 6 spell levels left.
You didn't know any spells.
Your spell library was empty.

Dungeon Overview and Level Annotations

Branches:
Dungeon (5/15)
 Temple: D:4-7

Altars:
Cheibriados
Zin

Annotations:
D:4 3 runed translucent doors, booth's ghost, amateur DsMo
D:5 Edmund


Innate Abilities, Weirdness & Mutations

You have a pair of horns on your head.
You reflexively headbutt those who attack you in melee.


Message History

You hit the ogre. You burn the ogre.
The ogre is heavily wounded.
You block the ogre's attack.
You hit the ogre. You burn the ogre.
The ogre is severely wounded.
You closely miss the ogre.
The ogre is severely wounded.
The ogre hits you with a +0 giant spiked club!
Edmund mutters, "Who needs spells, anyway?"
You completely miss the ogre. You headbutt the ogre.
You kill the ogre!
Trog accepts your kill.
Your Shields skill increases to level 2!
The troll attacks as you move away! The troll barely misses you.
The troll closely misses you. The troll claws you but does no damage.
The troll attacks as you move away! The troll bites you.
The troll barely misses you. The troll claws you but does no damage.
You hit the troll. You burn the troll.
The troll is moderately wounded.
The troll closely misses you. You furiously retaliate!
You headbutt the troll. You block the troll's attack.
The troll claws you but does no damage.
You sock the troll! You burn the troll.
The troll is severely wounded.
The troll barely misses you. The troll claws you but does no damage.
You block the troll's attack.
You hit the troll. You burn the troll.
The troll is severely wounded.
You block the troll's attack. The troll claws you!
* * * LOW HITPOINT WARNING * * *
The troll claws you.
* * * LOW HITPOINT WARNING * * *
You feel better. The troll bites you.
* * * LOW HITPOINT WARNING * * *
The troll claws you but does no damage. The troll barely misses you.
You closely miss the troll. You headbutt the troll!
The troll is almost dead.
The troll bites you!
* * * LOW HITPOINT WARNING * * *
The troll claws you.
You die...

>........###.........#.#....###.#
.!...............##...........###
†..........##................##.#
~~...~.........##.##.....>...#..#
...O...~........................#
.~~≈.~~....#....................#
≈.~~♣.#...###...................#
...~.≈.~....)..@................#
~~≈.♣~≈~.......T@.......#.......#
.♣~~~♣~.###.............##.##..<#
. #........)#....###....#
.....##......###..#......#
≈............###..........#
..............# #..#####...#
.............?# ##.# #....
###.....##.##.# ... ..... ..#.##
### .. .... ...###


You could see Edmund and a troll.

Vanquished Creatures
  Menkaure (D:4)
  An orc warrior (D:4)
  An ogre (D:5)
  A bullfrog (D:5)
  A scorpion (D:5)
  A jelly (D:5)
  2 hounds (D:5)
  5 gnolls
  4 adders
  2 ball pythons
  2 bats
  5 endoplasms
  4 giant cockroaches
  2 goblins
  7 hobgoblins
  4 jackals (D:4)
  7 kobolds
  A quokka (D:1)
  4 frilled lizards
  7 rats
62 creatures vanquished.

Notes
Turn   | Place    | Note
-------+----------+-------------------------------------------
     0 | D:1      | rjbenavram the Minotaur Berserker began the quest for the
                  | Orb.
     0 | D:1      | Reached XP level 1. HP: 19/19 MP: 0/0
     6 | D:1      | Noticed a swamp worm
     6 | D:1      | Noticed a polar bear
     7 | D:1      | Noticed a killer bee
     7 | D:1      | Noticed a salamander
    57 | D:1      | Reached XP level 2. HP: 26/27 MP: 1/1
    95 | D:1      | Reached skill level 4 in Maces & Flails
   509 | D:1      | Reached XP level 3. HP: 19/34 MP: 2/2
  1280 | D:2      | Reached ** piety under Trog
  1725 | D:3      | Reached XP level 4. HP: 39/41 MP: 3/3
  1962 | D:4      | Found a snail-covered altar of Cheibriados.
  2274 | D:4      | Noticed Menkaure
  2278 | D:4      | Killed Menkaure
  2279 | D:4      | Reached skill level 5 in Maces & Flails
  2279 | D:4      | Reached XP level 5. HP: 36/47 MP: 4/4
  2393 | D:4      | Found a glowing silver altar of Zin.
  2584 | D:5      | Entered Level 5 of the Dungeon
  2600 | D:5      | Reached skill level 5 in Fighting
  2600 | D:5      | Reached XP level 6. HP: 56/56 MP: 5/5
  2601 | D:5      | Noticed an orc warrior
  2617 | D:4      | Killed an orc warrior
  2618 | D:4      | Reached skill level 5 in Armour
  2807 | D:4      | Found a runed translucent gate.
  2807 | D:4      | Found a runed translucent gate.
  2807 | D:4      | Found a runed translucent gate.
  2808 | D:4      | Noticed booth's ghost (amateur DsMo)
  2917 | D:5      | Reached skill level 6 in Maces & Flails
  2919 | D:5      | Reached skill level 1 in Shields
  2920 | D:5      | Noticed Edmund
  2921 | D:5      | Noticed a troll
  2930 | D:5      | Reached XP level 7. HP: 48/61 MP: 6/6
  3339 | D:5      | Slain by a troll

Illustrated notes

Levels and vault maps discovered:
D:1:      onia_arrival_zoo_common, layout_basic
D:2:      layout_basic, nicolae_titane
D:3:      layout_basic, grunt_decor_fettered
D:4:      layout_loops_ring, mainiacjoe_overflow_brackets,
          mainiacjoe_overflow_cross_hatched, gammafunk_ghost_nasty_kobolds,
          nicolae_underground_beach, uniq_menkaure
D:5:      layout_cave_pools, mainiacjoe_overflow_boulevard,
          chequers_serial_rivers_marsh, nicolae_sextant, uniq_edmund

Skill      XL: |  1  2  3  4  5  6  7 |
---------------+----------------------+-----
Maces & Flails | 4 5 6 |  6.6
Fighting       | 4 5 |  5.5
Armour         | 3 4 5 |  5.7
Dodging        | 3 |  3.3
Shields        | 1 2 |  2.1
Stealth        | |  0.3

Action                     |  1- 3 |  4- 6 |  7- 9 || total
---------------------------+-------+-------+-------++-------
  Melee: Mace              |    78 |    61 |    12 ||   151
         Headbutt          |     8 |    10 |     5 ||    23
    Use: Potion            |     8 |     2 |     1 ||    11
         Scroll            |     8 |       |       ||     8
 Armour: Animal skin       |    12 |       |       ||    12
         Ring mail         |    19 |    11 |       ||    30
         Chain mail        |       |     5 |     6 ||    11
  Dodge: Dodged            |    54 |    25 |     6 ||    85
  Block: Buckler           |       |    17 |     5 ||    22
         Reflection        |       |     1 |       ||     1
